 Dungeon Crawl Stone Soup version 0.27-a0-909-g0721f309d1 (webtiles) character file.

Game seed: 3063991208135967088

129 DwarfAlpaca the Magician (level 5, 0/35 HPs)
             Began as a Djinni Air Elementalist on Apr 8, 2021.
             Killed by their own static electricity (3 damage)
             ... on level 3 of the Dungeon.
             The game lasted 00:06:04 (2691 turns).

DwarfAlpaca the Magician (Djinni Air Elementalist)  Turns: 2691, Time: 00:06:05

Health: 0/35       AC:  3    Str:  7    XL:     5   Next: 12%
Gold:   63         EV: 12    Int: 17    God:
                   SH:  0    Dex: 14

rFire    + + .     SeeInvis .   i - staff of death
rCold    x . .     Faith    .   (no shield)
rNeg     + . .     Spirit   .   a - +0 robe
rPois    ∞         Reflect  .   b - +0 helmet
rElec    .         Harm     .   (no cloak)
rCorr    .         Rampage  .   (no gloves)
Will     .....                  (boots unavailable)
Stlth    ++........             (no amulet)
HPRegen  0.11/turn              (no ring)
MPRegen  0.00/turn              (no ring)

@: flying
A: fire resistance 2, cold vulnerability 1, float, innate caster, hp casting,
extra vitality 1
a: no special abilities


You were on level 3 of the Dungeon.
You visited 1 branch of the dungeon, and saw 4 of its levels.

You collected 63 gold pieces.

Inventory:

Hand Weapons
 e - a +1 dagger of draining
Armour
 a - a +0 robe (worn)
 b - a +0 helmet (worn)
Magical Staves
 i - a staff of death (weapon)
Scrolls
 d - a scroll of teleportation {unknown}
 f - a scroll of amnesia {unknown}
 h - 2 scrolls of fog {unknown}
 j - a scroll of brand weapon {unknown}
 k - a scroll of vulnerability {unknown}
Potions
 c - 3 potions of haste {unknown}
 g - a potion of degeneration {unknown}


   Skills:
 - Level 2.1 Dodging
 - Level 1.5 Stealth
 + Level 4.8 Spellcasting


You couldn't memorise any spells.
You knew the following spells:

 Your Spells              Type           Power      Damage    Failure   Level
a - Shock                 Conj/Air       80%        1d8       1%          1
b - Swiftness             Air            20%        N/A       3%          2
c - Static Discharge      Conj/Air       20%        N/A       6%          3
d - Airstrike             Air            10%        N/A       21%         4
e - Lightning Bolt        Conj/Air       10%        1d23      50%         5
f - Animate Skeleton      Necr           62%        N/A       1%          1
g - Corpse Rot            Necr/Air       N/A        N/A       3%          2
Your spell library was empty.

Dungeon Overview and Level Annotations

Branches:
Dungeon (4/15)
 Temple: D:4-7

Altars:
Sif Muna


Innate Abilities, Weirdness & Mutations

You are immune to poison.
Your flesh is very heat resistant. (rF++)
You are vulnerable to cold. (rC-)
You float through the air rather than walking.
You learn spells naturally, not from books.
Your magical power is your life essence.
You have superior vitality. (+4 HP)


Message History

Aim: a hornet zombie (moderately damaged, wandering, hasn't noticed you, 25% to evade)
The zap hits the hornet zombie.
The hornet zombie is heavily damaged.
Casting: Shock (safe; 1% risk of failure)
Confirm with . or Enter, or press ? or * to list all spells.
Aiming: Shock (safe; 1% risk of failure)
Press: ? - help, Shift-Dir - straight line, f/p - hornet zombie
Aim: a hornet zombie (heavily damaged, 25% to evade)
The zap misses the hornet zombie.
Casting: Shock (safe; 1% risk of failure)
Confirm with . or Enter, or press ? or * to list all spells.
Aiming: Shock (safe; 1% risk of failure)
Press: ? - help, Shift-Dir - straight line, f/p - hornet zombie
Aim: a hornet zombie (heavily damaged, 25% to evade)
The zap hits the hornet zombie.
The hornet zombie is heavily damaged.
Casting: Shock (safe; 1% risk of failure)
Confirm with . or Enter, or press ? or * to list all spells.
The spell is extremely dangerous to cast (21% risk of failure)!
Continue anyway?
Aiming: Airstrike (extremely dangerous; 21% risk of failure)
Press: ? - help, Dir - move target, f/p - hornet zombie
Aim: a hornet zombie (heavily damaged)
The air twists around and strikes the hornet zombie!
The hornet zombie is severely damaged.
Casting: Airstrike (extremely dangerous; 21% risk of failure)
Confirm with . or Enter, or press ? or * to list all spells.
The spell is extremely dangerous to cast (21% risk of failure)!
Continue anyway?
Aiming: Airstrike (extremely dangerous; 21% risk of failure)
Press: ? - help, Dir - move target, f/p - hornet zombie
Aim: a hornet zombie (severely damaged)
The air twists around and strikes the hornet zombie!
The hornet zombie is almost destroyed.
The hornet zombie hits you!
* * * LOW HITPOINT WARNING * * *
Casting: Airstrike (extremely dangerous; 21% risk of failure)
Confirm with . or Enter, or press ? or * to list all spells.
The hornet zombie is struck by an arc of lightning.
You destroy the hornet zombie!
You are struck by an arc of lightning.
You die...

####......##
..........#.
#...........
#...........
#..........#
#..........#
.###..†........
....†.†@)......
#####..........
#...........
#...$..>..?.
#.......)... .. ##
#........... #. ...
............
#.#####................
#.........


There were no monsters in sight!

Vanquished Creatures
  A hornet zombie (D:3)
  A water moccasin skeleton (D:2)
  2 adders (D:2)
  A worm (D:3)
  3 dart slugs
  2 ball pythons
  A bat (D:1)
  4 endoplasms (D:1)
  2 giant cockroaches
  8 goblins
  7 hobgoblins
  4 jackals (D:1)
  2 kobolds
  2 quokkas (D:1)
  A frilled lizard (D:2)
  8 rats
49 creatures vanquished.

Notes
Turn   | Place    | Note
-------+----------+-------------------------------------------
     0 | D:1      | DwarfAlpaca the Djinni Air Elementalist began the quest for
                  | the Orb.
     0 | D:1      | Reached XP level 1. HP: 15/15 MP: 0/0
   258 | D:1      | Reached skill level 3 in Spellcasting
   258 | D:1      | Reached XP level 2. HP: 18/21 MP: 0/0
   787 | D:1      | Reached XP level 3. HP: 22/25 MP: 0/0
   787 | D:1      | Learned a level 1 spell: Animate Skeleton
   941 | D:1      | Found a faded altar of an unknown god.
  1552 | D:2      | Reached skill level 4 in Spellcasting
  1809 | D:2      | Reached XP level 4. HP: 6/31 MP: 0/0
  2185 | D:2      | Reached XP level 5. HP: 33/35 MP: 0/0
  2185 | D:2      | Learned a level 2 spell: Corpse Rot
  2410 | D:2      | You are sucked into a shaft and drop 2 floors!
  2691 | D:3      | Killed from afar by themself

Illustrated notes

Levels and vault maps discovered:
D:1:      minmay_arrival_plants_in_alcoves, layout_basic,
          basic_ecumenical_altar, chequers_mini_garden, chequers_arboretum
D:2:      layout_loops_corners, basic_altar
D:3:      layout_rooms, chequers_serial_rivers_micro_b, minmay_door_square
D:4:      layout_basic, ebering_ghost_rock_garden

Skill      XL: |  1  2  3 |
---------------+----------+-----
Spellcasting   | 3 4 |  4.8
Dodging        | |  2.1
Stealth        | |  1.5

Action                   |  1- 3 |  4- 6 || total
-------------------------+-------+-------++-------
 Cast: Shock             |    68 |    22 ||    90
       Animate Skeleton  |     3 |       ||     3
       Airstrike         |       |     3 ||     3
       Static Discharge  |       |     2 ||     2
Armor: Robe              |     1 |     1 ||     2
Dodge: Dodged            |     5 |       ||     5

Table legend: (Time is in decaauts)
 A = Elapsed time spent in this place.
 B = Non-inter-level travel time spent in this place.
 C = Inter-level travel time spent in this place.
 D = Time resting spent in this place.
 E = Time spent auto-exploring this place.
 F = Levels seen in this place.
 G = Mean time per level.
                   A        B        C        D        E       F      G
               +--------+--------+--------+--------+--------+-----+--------+
         Total |   2691 |   2550 |    141 |    327 |   1988 |   4 |  672.8 |
       Dungeon |   2691 |   2550 |    141 |    327 |   1988 |   4 |  672.8 |
               +--------+--------+--------+--------+--------+-----+--------+

Top non-repeatable levels by time:
     D:2: 1462 daAuts
     D:1: 1171 daAuts
     D:3: 49 daAuts
     D:4: 7 daAuts
